 Dungeon Crawl Stone Soup version 0.19-a0-1025-g778f431 (webtiles) character file.

67 Ijustatesigmund the Chopper (level 4, 29/35 HPs)
             Began as a Demonspawn Berserker on July 28, 2016.
             Was a Believer of Trog.
             Quit the game on level 2 of the Dungeon.
             The game lasted 00:03:48 (1578 turns).

Ijustatesigmund the Chopper (Demonspawn Berserker)  Turns: 1578, Time: 00:03:48

Health: 29/35      AC:  3    Str: 17    XL:     4   Next: 0%
Magic:  4/4        EV: 12    Int:  9    God:    Trog [**....]
Gold:   65         SH:  0    Dex: 13    Spells: 0 memorised, 3 levels left

rFire  . . .     SeeInvis .     a - +1 hand axe
rCold  . . .     Gourm    .     b - +0 animal skin
rNeg   . . .     Faith    .     (no shield)
rPois  .         Spirit   .     (no helmet)
rElec  .         Dismiss  .     (no cloak)
rCorr  .         Reflect  .     (no gloves)
SustAt .         Harm     .     (no boots)
MR     .....                    (no amulet)
Stlth  +.........               (no ring)
                                (no ring)

@: not resistant to hostile enchantments, very unstealthy
A: molten scales 1, powered by pain 1
a: Berserk, Trog's Hand, Burn Spellbooks, Renounce Religion


You were on level 2 of the Dungeon.
You worshipped Trog.
Trog was pleased with you.
You were not hungry.

You visited 1 branch of the dungeon, and saw 2 of its levels.

You collected 65 gold pieces.

Inventory:

Hand Weapons
 a - a +1 hand axe (weapon)
Armour
 b - a +0 animal skin (worn)
Scrolls
 e - a scroll of enchant weapon
 h - a scroll of identify
Potions
 f - a potion of heal wounds
 i - a potion of flight
Comestibles
 c - a bread ration
 d - a beef jerky
 g - a meat ration


   Skills:
 - Level 3.0 Fighting
 + Level 4.4 Axes
 - Level 1.7 Armour
 - Level 1.7 Dodging


You had 3 spell levels left.
You didn't know any spells.

Dungeon Overview and Level Annotations

Branches:
Dungeon (2/15)

Altars:


Innate Abilities, Weirdness & Mutations

You are partially covered in molten scales. (AC +1)
You sometimes gain a little power by taking damage.


Message History

You see here 15 sling bullets.
A hobgoblin comes into view. It is wielding a club.
The hobgoblin shouts!
You barely miss the hobgoblin. The hobgoblin hits you with a club.
You hit the hobgoblin.
The hobgoblin is moderately wounded.
The hobgoblin closely misses you.
You hit the hobgoblin.
The hobgoblin is almost dead.
The hobgoblin completely misses you.
You closely miss the hobgoblin.
The hobgoblin is almost dead.
The hobgoblin barely misses you.
You hit the hobgoblin.
You kill the hobgoblin!
Trog accepts your kill.
You have reached level 4!
You feel clever.
Your demonic ancestry asserts itself...
Molten scales grow over part of your body.
Are you sure you want to abandon this character and quit the game? (Confirm with "yes".)

#.# #..................#
##.###..#..........######
##.......#..........#
##..)####.#..........#
##..#)# #.#..........# #
#..##(####.##...############
#.###(##......#####.........
##.# #......)....#...##....##
#..####.....@...........####.
#............##..............
######..........############.
#....(..................
##.......##############.
#.......## ## #.......#
#.....(.# ##.....##


There were no monsters in sight!

Vanquished Creatures
  A gnoll (D:1)
  An adder (D:2)
  A worm (D:2)
  A giant gecko (D:2)
  2 giant cockroaches (D:1)
  8 goblins
  5 hobgoblins
  4 jackals (D:2)
  6 bats
  A giant newt (D:1)
  7 kobolds
  7 rats
44 creatures vanquished.

Notes
Turn   | Place    | Note
-------+----------+-------------------------------------------
     0 | D:1      | Ijustatesigmund the Demonspawn Berserker began the quest for the Orb.
     0 | D:1      | Reached XP level 1. HP: 18/18 MP: 1/1
    36 | D:1      | Reached skill level 3 in Axes
   197 | D:1      | Gained mutation: You sometimes gain a little power by taking damage. [demonic ancestry]
   197 | D:1      | Reached XP level 2. HP: 11/24 MP: 2/2
   647 | D:1      | Reached XP level 3. HP: 29/29 MP: 3/3
   680 | D:1      | Reached ** piety under Trog
   897 | D:2      | Reached skill level 4 in Axes
  1577 | D:2      | Gained mutation: You are partially covered in molten scales. (AC +1) [demonic ancestry]
  1577 | D:2      | Reached XP level 4. HP: 29/35 MP: 4/4
  1578 | D:2      | Quit the game

Vault maps used:
D:1:      dpeg_arrival_tiny_a
D:2:      minmay_goblin_kobold_house

Skill      XL: |  1  2  3 |
---------------+----------+-----
Axes           | 3 4 |  4.4
Fighting       | |  3.0
Armour         | |  1.7
Dodging        | |  1.7

Action                   |  1- 3 |  4- 6 || total
-------------------------+-------+-------++-------
Melee: Hand axe          |   122 |       ||   122
Invok: Berserk           |     2 |       ||     2
  Use: Scroll            |     6 |       ||     6
 Stab: Sleeping          |     1 |       ||     1
  Eat: Chunk             |     4 |       ||     4
Armor: Animal skin       |    26 |       ||    26
Dodge: Dodged            |   106 |       ||   106
